AoeStats
← Death_Rider

Arena

509268662Analyzed
1v1 RM · 8d ago on Sep 26, 2026· 36m 24s· 2 players
Game mode
Random Map
Map size
Tiny (2 player)
Population
200
Speed
Normal
Resources
Standard
Victory
Conquest
Starting age
Dark Age
Ending age
Imperial Age
RankedLock teamsTeams togetherTeam positionsShared explorationLock speedFull tech treeHidden civsTurbo modeCheats
Victory
Defeat
🇩🇪 Spanish · Germany
1043
+13
🇵🇪 Tatars · Peru
980
-13
yuuu18
12:10 Feudal Age
15:00 Wheelbarrow
14:59 Double-Bit Axe
18:05 Castle Age
16:09 Gold Mining
16:12 Fletching
18:05 Loom
18:24 Padded Archer Armor
19:07 Bow Saw
19:12 Bodkin Arrow
23:44 Stone Mining
29:07 Gold Shaft Mining
29:17 Scale Barding Armor
32:37 Town Watch
39:17 Imperial Age
Death_Rider
9:47 Feudal Age
10:13 Double-Bit Axe
10:30 Horse Collar
13:48 Loom
16:24 Castle Age
14:34 Fletching
15:14 Stone Mining
19:16 Bodkin Arrow
25:52 Town Watch
26:42 Wheelbarrow
28:48 Heavy Plow
29:46 Gold Mining
36:11 Imperial Age
35:08 Wheelbarrow
34:34 Town Patrol
34:50 Husbandry
35:01 Bloodlines
36:22 Scale Barding Armor
37:10 Ballistics
Connection lost

Rejoining the realm…

Still unreachable

The connection could not be restored.

Session expired

The server has moved on; the page needs a fresh start.